Map: Submarine LE

Players

LiquidClem (Clem)

  • Race: Terran Terran
  • Spawn Location: 5:00

TYTY (TY) - Winner!

  • Race: Terran Terran
  • Spawn Location: 11:00

VOD

Have the link to the VOD?

Description

Time

  • Played on: Jan. 12, 2021, 11:08 a.m.
  • Length: 12:49
Show
View Real Time Build Order
Export as new Build Order

LiquidClem Terran 

Build Orders:  

Get SALT Encoding   

  12  0:00  SCV  
  13  0:12  SCV  
  14  0:16  Supply Depot  
  14  0:24  SCV  
  15  0:38  SCV  
  15  0:39  Barracks  
  16  0:43  Refinery  
  16  0:50  SCV  
  16  0:54  Refinery  
  17  1:02  SCV  
  18  1:14  SCV  
  19  1:26  Reaper  
  19  1:27  Orbital Command  
  19  1:28  Supply Depot  
  20  1:40  Factory  
  20  1:53  SCV  
  21  1:58  Reaper  
  22  2:05  SCV  
  23  2:14  Command Center  
  23  2:17  SCV  
  24  2:24  Hellion  
  24  2:29  SCV  
  27  2:31  Reaper  
  28  2:41  Supply Depot, SCV  
  29  2:46  Hellion  
  29  2:50  Starport  
  31  3:02  SCV  
  32  3:07  Factory Tech Lab  
  32  3:10  Barracks Reactor  
  32  3:14  SCV  
  33  3:20  Refinery  
  33  3:26  Starport Tech Lab, SCV  
  37  3:27  Orbital Command  
  37  3:31  Siege Tank  
  37  3:34  Medivac  
  37  3:38  SCV  
  40  3:45  Supply Depot  
  40  3:46  Marine  
  40  3:47  Marine  
  42  3:51  SCV  
  42  3:53  SCV  
  44  4:03  Cyclone, SCV  
  44  4:04  Starport Tech Lab  
  44  4:05  SCV  
  44  4:07  Marine x2  
  51  4:11  Supply Depot  
  51  4:15  SCV  
  52  4:17  SCV  
  52  4:23  Raven  
  55  4:27  SCV  
  55  4:29  Marine x2  
  58  4:37  Cyclone, SCV  
  59  4:47  SCV, Marine x2  
  59  4:50  SCV  
  52  4:59  SCV  
  47  5:03  SCV  
  47  5:07  Marine x2  
  41  5:11  SCV  
  44  5:15  SCV  
  44  5:18  Raven  
  46  5:23  SCV  
  46  5:24  Marine x2  
  46  5:27  SCV  
  50  5:36  SCV  
  50  5:39  SCV  
  50  5:42  Marine x2  
  53  5:44  Siege Tank  
  53  5:48  SCV  
  50  5:51  SCV  
  51  6:00  SCV, Marine x2  
  51  6:03  SCV  
  52  6:12  SCV  
  52  6:15  SCV  
  52  6:17  Raven  
  52  6:18  Marine x2  
  56  6:24  SCV  
  58  6:27  SCV  
  58  6:29  Siege Tank  
  62  6:36  SCV, Marine x2  
  62  6:37  Supply Depot  
  62  6:39  SCV  
  66  6:48  SCV  
  66  6:52  Command Center  
  67  6:56  SCV  
  67  7:00  SCV  
  69  7:03  Siege Tank  
  73  7:08  SCV  
  73  7:12  SCV  
  73  7:13  Supply Depot, Refinery  
  74  7:16  Viking  
  74  7:21  Viking  
  78  7:25  Supply Depot  
  78  7:30  SCV  
  78  7:35  SCV, Marine  
  80  7:38  Siege Tank  
  80  7:39  Supply Depot  
  80  7:42  SCV  
  84  7:47  SCV  
  84  7:49  Viking  
  87  7:54  SCV  
  87  7:55  Viking  
  87  7:57  Marine  
  91  7:59  SCV  
  91  8:05  Supply Depot  
  92  8:06  SCV  
  92  8:12  SCV, Siege Tank  
  96  8:21  Marine  
  96  8:22  Viking  
  96  8:23  SCV  
  96  8:25  SCV  
  97  8:36  Orbital Command  
  97  8:39  Marine  
  96  8:46  SCV  
  87  8:51  Siege Tank  
  87  8:52  SCV  
  89  8:56  Marine  
  89  8:58  SCV  
  89  9:02  Viking  
  87  9:04  SCV x2  
  87  9:09  Viking  
  89  9:12  SCV  
  89  9:14  Marine  
  89  9:16  SCV  
  92  9:20  Supply Depot  
  92  9:21  SCV  
  93  9:24  SCV  
  93  9:27  Siege Tank  
  93  9:28  SCV  
  96  9:32  Marine  
  96  9:34  Supply Depot, Stimpack  
  97  9:40  Viking  
  97  9:42  SCV  
  97  9:45  Viking  
  98  9:48  SCV x2  
  100  9:54  SCV  
  100  9:55  Marine  
  100  9:59  Supply Depot  
  100  10:00  Siege Tank, SCV  
  100  10:03  SCV  
  103  10:10  Barracks  
  103  10:11  Barracks  
  101  10:14  SCV  
  101  10:16  SCV x2  
  102  10:23  Marine  
  103  10:28  Viking  
  103  10:31  Viking  
  107  10:37  SCV  
  107  10:38  Supply Depot  
  107  10:40  Marine  
  107  10:42  SCV  
  108  10:48  Siege Tank  
  107  10:54  SCV  
  108  10:58  Marine  
  108  10:59  Barracks Reactor x2, Barracks  
  108  11:01  Barracks  
  108  11:03  SCV  
  102  11:11  Viking  
  102  11:12  Viking  
  102  11:14  Concussive Shells  
  102  11:16  Marine  
  106  11:19  SCV x2  
  106  11:23  Siege Tank  
  85  11:34  Marine  
  85  11:35  Marine x2  
  85  11:41  Viking  
  85  11:42  Viking  
  89  11:52  Marine x2  
  91  11:54  Marine  
  91  11:55  Siege Tank  
  95  12:02  Marine x2  
  95  12:05  Marine  
  95  12:06  Marine  
  99  12:09  Marine  
  99  12:11  Medivac  
  99  12:12  Supply Depot, Medivac  
  104  12:17  Marine x2  
  104  12:19  Marine  
  107  12:27  Supply Depot, Marine  
  107  12:28  Supply Depot, Marine  
  112  12:30  Marine  
Show
View Real Time Build Order
Export as new Build Order

TYTY Terran - Winner!

Build Orders:  

Get SALT Encoding   

  12  0:00  SCV  
  13  0:12  SCV  
  14  0:17  Supply Depot  
  14  0:24  SCV  
  15  0:38  SCV  
  15  0:40  Barracks  
  15  0:42  Refinery  
  16  0:50  SCV  
  16  0:53  Refinery  
  17  1:02  SCV  
  18  1:15  SCV  
  19  1:27  Orbital Command, Reaper  
  19  1:29  Supply Depot  
  20  1:42  Factory  
  20  1:53  SCV  
  21  1:59  Barracks Reactor  
  21  2:06  SCV  
  22  2:19  Command Center  
  22  2:21  SCV  
  23  2:26  Hellion  
  25  2:36  Supply Depot  
  25  2:37  Reaper x2  
  25  2:40  SCV  
  28  2:48  Hellion  
  30  2:55  Starport  
  30  2:56  SCV  
  31  3:09  Hellion, Reaper x2  
  35  3:13  SCV  
  36  3:25  SCV  
  37  3:32  Orbital Command  
  37  3:33  Widow Mine  
  39  3:35  Medivac  
  39  3:39  SCV  
  42  3:41  Marine x2  
  44  3:51  SCV  
  44  3:55  Factory Tech Lab  
  45  3:58  SCV  
  45  3:59  Marine x2  
  45  4:02  Supply Depot  
  48  4:03  SCV  
  48  4:06  Starport Tech Lab  
  48  4:07  Refinery  
  49  4:10  SCV  
  49  4:15  SCV  
  49  4:16  Siege Tank  
  54  4:23  Marine x2  
  54  4:24  SCV  
  57  4:28  SCV  
  58  4:31  Viking  
  58  4:36  SCV  
  60  4:41  Marine x2  
  58  4:47  SCV  
  58  4:51  Siege Tank  
  57  5:02  Marine x2  
  57  5:04  Viking  
  55  5:09  SCV  
  50  5:19  Marine x2  
  46  5:21  SCV  
  46  5:31  Siege Tank  
  46  5:33  SCV  
  46  5:35  Orbital Command  
  44  5:50  Marine x2  
  44  5:52  Raven  
  46  6:04  SCV x2  
  46  6:08  Marine  
  46  6:09  Marine  
  50  6:11  Refinery  
  50  6:16  SCV x2  
  51  6:21  Supply Depot  
  51  6:26  Marine x2  
  51  6:28  SCV  
  54  6:41  Supply Depot  
  54  6:43  Raven, SCV  
  54  6:45  SCV  
  58  6:47  Marine x2  
  58  6:53  Supply Depot  
  60  6:54  Supply Depot  
  60  6:55  SCV  
  60  7:01  SCV  
  62  7:02  Siege Tank  
  62  7:05  Marine x2  
  62  7:07  SCV  
  68  7:13  SCV  
  69  7:17  Command Center  
  69  7:20  SCV  
  70  7:29  SCV  
  71  7:32  SCV  
  72  7:37  Viking  
  72  7:38  Viking  
  72  7:39  Marine  
  72  7:40  Siege Tank  
  72  7:42  Stimpack  
  80  7:46  SCV  
  80  7:49  Supply Depot  
  81  7:55  SCV  
  81  7:57  Marine  
  83  8:05  SCV  
  83  8:07  Viking  
  83  8:09  Supply Depot  
  83  8:11  Viking  
  83  8:12  SCV  
  87  8:18  Barracks, Siege Tank  
  90  8:20  Barracks  
  90  8:21  SCV  
  90  8:24  SCV  
  89  8:32  Orbital Command  
  89  8:33  SCV  
  89  8:38  Marine  
  89  8:39  Viking  
  92  8:42  SCV  
  80  8:52  Siege Tank  
  80  8:55  SCV  
  80  9:00  Viking  
  64  9:03  SCV x2  
  64  9:08  Refinery  
  64  9:09  Marine  
  67  9:15  SCV x3  
  67  9:16  Barracks Reactor  
  70  9:18  Barracks Reactor  
  70  9:21  Orbital Command  
  68  9:26  Marine  
  68  9:27  SCV x2  
  71  9:36  Siege Tank  
  74  9:39  SCV x2  
  74  9:44  Marine  
  77  9:46  Engineering Bay  
  77  9:51  SCV x2  
  82  9:57  Marine  
  82  9:58  Orbital Command, Marine  
  80  10:03  SCV x2, Marine x2  
  80  10:04  Marine  
  80  10:06  Medivac x2  
  85  10:07  Engineering Bay  
  85  10:09  Combat Shield  
  85  10:15  Marine  
  85  10:20  Marine  
  87  10:21  Marine x2  
  87  10:25  Marine  
  90  10:29  Siege Tank  
  90  10:33  Marine  
  90  10:34  Terran Infantry Weapons Level 1  
  94  10:38  Marine  
  94  10:39  Marine x2  
  94  10:41  Medivac  
  94  10:42  Marine  
  89  10:53  Marine  
  89  10:55  Marine  
  89  10:56  Orbital Command  
  89  11:01  Siege Tank  
  89  11:02  Marine x2  
  89  11:09  Marine  
  89  11:11  Marine  
  90  11:13  Medivac, Marine  
  93  11:24  Marine x2  
  92  11:27  Marine  
  92  11:28  Marine  
  92  11:31  Marine  
  93  11:33  Siege Tank  
  95  11:41  SCV x2, Marine  
  95  11:42  Marine  
  95  11:44  Marine  
  95  11:46  Marine  
  100  11:49  Marine  
  99  11:54  SCV  
  99  11:58  Supply Depot  
  99  11:59  Marine x2  
  100  12:02  Starport Reactor, Marine  
  100  12:20  Marine x2  
  101  12:34  SCV  
  101  12:35  SCV  
Tags
 
Matchup
TvT
Player
ClemTY
Race
Terran
Spawn Locations
Cross Positions
Add a new tag
Caveats
  • Supply blocks, unpowered buildings, or Contaminate may cause inaccurate times.
  • Supply counts are checked every 10 seconds.